 Dungeon Crawl Stone Soup version 0.24-a0-459-g225fefd530 (webtiles) character file.

Game seed: 7914528804871114503

21460 HydraWiggins the Nimble (level 12, -5/92 HPs)
             Began as a Gnoll Arcane Marksman on June 28, 2019.
             Was a Believer of Sif Muna.
             Killed from afar by Jorgrun (36 damage)
             ... with a blast of rock fragments
             ... on level 12 of the Dungeon.
             The game lasted 01:11:52 (13474 turns).

HydraWiggins the Nimble (Gnoll Arcane Marksman)    Turns: 13474, Time: 01:11:53

Health: -5/92      AC: 14    Str: 15    XL:     12   Next: 90%
Magic:  24/24      EV: 14    Int: 16    God:    Sif Muna [**....]
Gold:   191        SH: 11    Dex: 18    Spells: 17/27 levels left

rFire    + . .     SeeInvis .   j - +10 hunting sling of Anxiety {velocity, rElec}
rCold    + . .     Gourm    .   p - +0 shield
rNeg     + . .     Faith    .   M - +3 leather armour {rPois}
rPois    +         Spirit   .   W - +1 helmet "Kykla" {rN+}
rElec    +         Reflect  .   U - +2 cloak
rCorr    .         Harm     +   A - +0 pair of gloves
MR       .....                  (no boots)
Stlth    ++++......             k - amulet of harm
HPRegen  0.25/turn              r - ring of protection from cold
MPRegen  0.19/turn              y - ring of protection from fire

@: grasped by roots, constricted
A: distributed training, fangs 1, strong nose
a: Channel Magic, Renounce Religion


You were on level 12 of the Dungeon.
You worshipped Sif Muna.
Sif Muna was pleased with you.
You were not hungry.

You visited 1 branch of the dungeon, and saw 12 of its levels.

You collected 596 gold pieces.
You spent 405 gold pieces at shops.

Inventory:

Hand Weapons
 j - the +10 hunting sling of Anxiety (weapon) {velocity, rElec}
   (You found it on level 5 of the Dungeon)

   Any stone fired from it inflicts extra damage.
   It insulates you from electricity.
 v - a +0 dagger of draining
 w - a +0 trident
 B - a +1 dagger of venom
 C - a +2 battleaxe of electrocution
 H - a +3 dagger
Missiles
 b - 346 stones
 d - 53 sling bullets (quivered)
 T - a throwing net
Armour
 c - a +2 robe of magic resistance
 p - a +0 shield (worn)
 A - a +0 pair of gloves (worn)
 J - a +1 robe of positive energy
 M - a +3 leather armour of poison resistance (worn)
 S - a +0 troll leather armour
 U - a +2 cloak (worn)
 W - the +1 helmet "Kykla" (worn) {rN+}
   (You bought it in a shop on level 10 of the Dungeon)

   It protects you from negative energy.
Jewellery
 k - an amulet of harm (around neck)
 r - a ring of protection from cold (left hand)
 y - a ring of protection from fire (right hand)
 z - an uncursed ring of stealth
 F - an uncursed ring of protection from cold
 I - a +2 ring of strength
 L - an uncursed ring of poison resistance {unknown}
 X - an uncursed ring of positive energy
Wands
 e - a wand of iceblast (40)
 D - a wand of flame (62)
 Q - a wand of random effects (18)
 V - a wand of paralysis (7)
Scrolls
 g - a scroll of identify
 h - 4 scrolls of enchant weapon
 i - 4 scrolls of teleportation
 m - 7 scrolls of remove curse
 q - 2 scrolls of enchant armour
 E - a scroll of amnesia {unknown}
 G - a scroll of immolation {unknown}
 K - a scroll of fog {unknown}
 P - a scroll of blinking {unknown}
 Y - 2 scrolls of noise {unknown}
Potions
 l - a potion of lignification
 n - 2 potions of brilliance
 o - 3 potions of flight
 s - 2 potions of mutation
 t - 2 potions of might
 u - 3 potions of magic
 x - 3 potions of curing
 N - a potion of haste
 R - 3 potions of heal wounds
 Z - 3 potions of berserk rage
Comestibles
 a - 5 chunks of flesh
 f - 24 rations


   Skills:
 + Level 8.1 Fighting
 + Level 7.6 Short Blades
 + Level 7.6 Long Blades
 + Level 7.6 Axes
 + Level 7.6 Maces & Flails
 + Level 7.6 Polearms
 + Level 7.6 Staves
 + Level 9.0 Slings
 + Level 7.6 Bows
 + Level 7.6 Crossbows
 + Level 7.6 Throwing
 + Level 7.6 Armour
 + Level 9.0 Dodging
 + Level 7.6 Stealth
 + Level 7.6 Shields
 + Level 7.6 Unarmed Combat
 + Level 8.1 Spellcasting
 + Level 6.3 Conjurations
 + Level 8.4 Hexes
 + Level 6.3 Charms
 + Level 6.3 Summonings
 + Level 6.3 Necromancy
 + Level 6.3 Translocations
 + Level 6.3 Transmutations
 + Level 6.3 Fire Magic
 + Level 6.3 Ice Magic
 + Level 6.3 Air Magic
 + Level 6.3 Earth Magic
 + Level 6.3 Poison Magic
 + Level 8.3 Invocations
 + Level 7.6 Evocations


You had 17 spell levels left.
You knew the following spells:

 Your Spells              Type           Power        Failure   Level  Hunger
a - Corona                Hex            ####...      1%          1    None
b - Cause Fear            Hex            ####......   11%         4    ###....
c - Confuse               Hex            ####....     3%          3    #......
d - Ensorcelled Hibernat  Hex/Ice        ####..       2%          2    None

Your spell library contained the following spells:

 Spells                   Type           Power        Failure   Level  Hunger
 Confusing Touch          Hex            ####..       1%          1    None
 Slow                     Hex            ####....     1%          2    None
 Tukima's Dance           Hex            ####....     3%          3    #......
 Dazzling Spray           Conj/Hex       ####..       4%          3    #......
 Inner Flame              Hex/Fire       ####....     4%          3    #......
 Portal Projectile        Hex/Tloc       ####..       4%          3    #......
 Gell's Gravitas          Tloc           ####......   8%          3    #......
 Leda's Liquefaction      Hex/Erth       ####......   16%         4    ###....
 Petrify                  Tmut/Erth      ####....     26%         4    ###....
 Metabolic Englaciation   Hex/Ice        ####......   41%         5    #####..
 Yara's Violent Unravell  Hex/Tmut       ####......   41%         5    #####..


Dungeon Overview and Level Annotations

Branches:
Dungeon (12/15)            Temple (0/1) D:4            Lair (0/6) D:9
    Orc (0/2) D:9

Altars:
Dithmenos
Fedhas
Hepliaklqana
Kikubaaqudgha
Okawaru
Ru
Sif Muna
Trog
Vehumet
Wu Jian
Yredelemnul
Zin
The Shining One

Shops:
D:5 !   D:10 [

Portals:
Trove: D:11 (give 6 scrolls of blinking)

Annotations:
D:9 exclusion: obsidian statue
D:10 3 runed translucent doors, nht's ghost, novice TrFi
D:12 Jorgrun; Rupert


Innate Abilities, Weirdness & Mutations

Your experience applies equally to all skills.
You have very sharp teeth.
Your uncanny sense of smell can sniff out nearby items.


Message History

Aim: Jorgrun, wielding a +0 quarterstaff of crushing and wearing a +0 robe (heavily wounded)
You shoot a sling bullet. The sling bullet hits Rupert!
Rupert is moderately wounded.
Jorgrun points next to you and mumbles some strange words.
Some rock shatters into small pieces.
The grasping roots constrict you!
Firing (i - inventory. (/) - cycle)
d - 54 sling bullets (quivered)
Press: ? - help, Shift-Dir - straight line, f/p - Jorgrun
Aim: Jorgrun, wielding a +0 quarterstaff of crushing and wearing a +0 robe (heavily wounded)
You shoot a sling bullet. The sling bullet hits Rupert.
Rupert is moderately wounded.
You block Rupert's attack. The grasping roots constrict you.
Firing (i - inventory. (/) - cycle)
d - 53 sling bullets (quivered)
Press: ? - help, Shift-Dir - straight line, f/p - Jorgrun
Aim: Jorgrun, wielding a +0 quarterstaff of crushing and wearing a +0 robe (heavily wounded)
Okay, then.
The roots' grasp on you weakens, but your attempt to escape fails.
You block Rupert's attack. Jorgrun gestures at you while chanting.
The wall shatters!
The blast of rock fragments hits you!!
You die...

....#
#.###.#.#
....#
#.#...#.#
....# #
#.###.#
....###.#
#.#...#
........#
#.#.#.#
....#####
#.....#
#.###
##.'####
#...#
#####.g.#
###'###
#....(@@#
......#
#.#.##.##
......+
#'.####
......#
#.(.
......#
#(...
......#
#(....
......#
#....@.
......#
#.......
......#
#.......#


You could see Rupert (berserk) and Jorgrun.

Vanquished Creatures
  2 hydras (D:11)
  2 two-headed ogres (D:12)
  5 unseen horrors
  An ugly thing (D:12)
  2 manticores (D:11)
  2 centaur zombies
  A gargoyle (D:12)
  7 kobold demonologists
  3 trolls (D:10)
  A hornet (D:12)
  4 hippogriffs
  Sigmund (D:6)
  A wyvern (D:10)
  12 yaks
  A vampire (D:10)
  A hungry ghost (D:10)
  Duvessa (D:6)
  A warg (D:9)
  4 porcupines (D:9)
  10 orc warriors
  6 sky beasts
  3 ice beasts
  4 black bears
  2 eyes of draining
  3 phantoms
  6 ogres
  3 centaurs
  5 big kobolds
  11 bullfrogs
  A water moccasin zombie (D:7)
  5 scorpions
  Dowan (D:6)
  A water moccasin skeleton (D:10)
  8 killer bees
  11 wights
  2 howler monkeys
  5 crimson imps
  A quasit (D:11)
  8 jellies
  10 hounds
  2 bullfrog zombies
  10 orc priests
  13 orc wizards
  2 bullfrog skeletons
  5 iguanas
  13 worker ants
  A hound zombie (D:6)
  2 hound skeletons
  A worker ant zombie (D:7)
  7 gnolls
  10 adders
  A shadow imp (D:11)
  2 oozes (D:3)
  2 worms
  A dart slug (D:3)
  8 leopard geckos
  60 orcs
  4 giant cockroaches
  8 goblins
  10 hobgoblins
  6 jackals
  2 quokkas
  2 ball pythons (D:2)
  8 bats
  4 frilled lizards
  15 kobolds
  A leopard gecko zombie (D:5)
  A quokka skeleton (D:4)
  7 rats
  A fungus (D:9)
367 creatures vanquished.

Vanquished Creatures (others)
  An orc wizard (D:4)
  5 fungi (D:9)
  5 plants
11 creatures vanquished.

Grand Total: 378 creatures vanquished

Notes
Turn   | Place    | Note
-------+----------+-------------------------------------------
     0 | D:1      | HydraWiggins the Gnoll Arcane Marksman began the quest for
                  | the Orb.
     0 | D:1      | Reached XP level 1. HP: 17/17 MP: 4/4
    89 | D:1      | Reached XP level 2. HP: 23/23 MP: 5/5
   514 | D:1      | Reached XP level 3. HP: 28/28 MP: 7/7
  1161 | D:2      | Reached skill level 1 in Invocations
  1387 | D:2      | Reached skill level 1 in Short Blades
  1387 | D:2      | Reached skill level 1 in Long Blades
  1387 | D:2      | Reached skill level 1 in Axes
  1387 | D:2      | Reached skill level 1 in Maces & Flails
  1387 | D:2      | Reached skill level 1 in Polearms
  1387 | D:2      | Reached skill level 1 in Staves
  1387 | D:2      | Reached skill level 1 in Bows
  1387 | D:2      | Reached skill level 1 in Crossbows
  1387 | D:2      | Reached skill level 1 in Throwing
  1387 | D:2      | Reached skill level 1 in Armour
  1387 | D:2      | Reached skill level 1 in Stealth
  1387 | D:2      | Reached skill level 1 in Shields
  1387 | D:2      | Reached skill level 1 in Unarmed Combat
  1387 | D:2      | Reached skill level 1 in Evocations
  1421 | D:2      | Reached XP level 4. HP: 34/34 MP: 8/8
  1777 | D:2      | Reached skill level 1 in Conjurations
  1777 | D:2      | Reached skill level 1 in Charms
  1777 | D:2      | Reached skill level 1 in Summonings
  1777 | D:2      | Reached skill level 1 in Necromancy
  1777 | D:2      | Reached skill level 1 in Translocations
  1777 | D:2      | Reached skill level 1 in Transmutations
  1777 | D:2      | Reached skill level 1 in Fire Magic
  1777 | D:2      | Reached skill level 1 in Ice Magic
  1777 | D:2      | Reached skill level 1 in Air Magic
  1777 | D:2      | Reached skill level 1 in Earth Magic
  1777 | D:2      | Reached skill level 1 in Poison Magic
  2065 | D:3      | Reached XP level 5. HP: 33/40 MP: 9/9
  2095 | D:3      | Found a hazy altar of Hepliaklqana.
  2523 | D:3      | Reached XP level 6. HP: 35/47 MP: 10/10
  3159 | D:4      | Reached skill level 5 in Slings
  3159 | D:4      | Reached skill level 5 in Dodging
  3818 | D:4      | Reached XP level 7. HP: 49/52 MP: 12/12
  4134 | D:4      | Found a staircase to the Ecumenical Temple.
  4348 | D:4      | Found a radiant altar of Vehumet.
  4503 | D:5      | Entered Level 5 of the Dungeon
  4665 | D:5      | Got a steaming hunting sling
  4666 | D:5      | Identified the +10 hunting sling of Anxiety {velocity,
                  | rElec} (You found it on level 5 of the Dungeon)
  4901 | D:5      | Found Tijaowi's Distillery.
  4910 | D:5      | Bought a potion of invisibility for 80 gold pieces
  4910 | D:5      | Bought a potion of heal wounds for 50 gold pieces
  5236 | D:5      | Reached XP level 8. HP: 53/60 MP: 14/14
  5654 | D:3      | Found a sacrificial altar of Ru.
  5654 | D:3      | Found an ancient bone altar of Kikubaaqudgha.
  6384 | D:6      | Noticed Dowan
  6384 | D:6      | Noticed Duvessa
  6405 | D:6      | Killed Dowan
  6410 | D:6      | Killed Duvessa
  6478 | D:6      | Reached XP level 9. HP: 66/66 MP: 16/16
  6781 | D:6      | Noticed Sigmund
  6824 | D:6      | Killed Sigmund
  7096 | D:6      | Reached skill level 5 in Spellcasting
  7127 | D:6      | Learned a level 4 spell: Cause Fear
  7242 | D:7      | Reached skill level 5 in Fighting
  7636 | D:7      | Found a glowing golden altar of the Shining One.
  7641 | D:7      | Found a basalt altar of Yredelemnul.
  7643 | D:7      | Noticed a profane servitor
  7785 | D:7      | Noticed an angel
  7863 | D:8      | Reached skill level 5 in Invocations
  8145 | D:8      | Reached XP level 10. HP: 74/74 MP: 18/18
  8532 | D:9      | Reached skill level 5 in Short Blades
  8532 | D:9      | Reached skill level 5 in Long Blades
  8532 | D:9      | Reached skill level 5 in Axes
  8532 | D:9      | Reached skill level 5 in Maces & Flails
  8532 | D:9      | Reached skill level 5 in Polearms
  8532 | D:9      | Reached skill level 5 in Staves
  8532 | D:9      | Reached skill level 5 in Bows
  8532 | D:9      | Reached skill level 5 in Crossbows
  8532 | D:9      | Reached skill level 5 in Throwing
  8532 | D:9      | Reached skill level 5 in Armour
  8532 | D:9      | Reached skill level 5 in Stealth
  8532 | D:9      | Reached skill level 5 in Shields
  8532 | D:9      | Reached skill level 5 in Unarmed Combat
  8532 | D:9      | Reached skill level 5 in Evocations
  8638 | D:9      | Found a staircase to the Lair.
  8802 | D:9      | You fall into a shaft and drop 1 floor!
  8802 | D:10     | Entered Level 10 of the Dungeon
  8808 | D:10     | Found a runed translucent gate.
  8809 | D:10     | Noticed nht's ghost (novice TrFi)
  8810 | D:10     | Found a runed translucent gate.
  8810 | D:10     | Found a runed translucent gate.
  8810 | D:10     | Noticed a 12-headed hydra
  8827 | D:10     | Killed an unseen horror
  8862 | D:10     | Learned a level 3 spell: Confuse
  9131 | D:10     | Reached XP level 11. HP: 82/82 MP: 20/20
  9346 | D:10     | Learned a level 2 spell: Ensorcelled Hibernation
  9666 | D:10     | Found Fyqoitot's Antique Armour Shoppe.
  9678 | D:10     | Bought a steaming helmet for 275 gold pieces
  9688 | D:10     | Identified the +1 helmet "Kykla" {rN+} (You bought it in a
                  | shop on level 10 of the Dungeon)
  9728 | D:10     | Reached skill level 5 in Conjurations
  9728 | D:10     | Reached skill level 5 in Charms
  9728 | D:10     | Reached skill level 5 in Summonings
  9728 | D:10     | Reached skill level 5 in Necromancy
  9728 | D:10     | Reached skill level 5 in Translocations
  9728 | D:10     | Reached skill level 5 in Transmutations
  9728 | D:10     | Reached skill level 5 in Fire Magic
  9728 | D:10     | Reached skill level 5 in Ice Magic
  9728 | D:10     | Reached skill level 5 in Air Magic
  9728 | D:10     | Reached skill level 5 in Earth Magic
  9728 | D:10     | Reached skill level 5 in Poison Magic
  9871 | D:9      | Found an ornate altar of the Wu Jian Council.
 10063 | D:9      | Found a staircase to the Orcish Mines.
 10481 | D:9      | Found a bloodstained altar of Trog.
 10486 | D:9      | Found an iron altar of Okawaru.
 10523 | D:9      | Found a glowing silver altar of Zin.
 10523 | D:9      | Found a faded altar of an unknown god.
 10528 | D:9      | Found a faded altar of an unknown god.
 10530 | D:9      | Found a blossoming altar of Fedhas.
 10532 | D:9      | Found a shadowy altar of Dithmenos.
 10571 | D:9      | Noticed an obsidian statue
 10572 | D:9      | Found the +3 sling "Punk" {acid, rCorr}
 10710 | D:9      | Found a deep blue altar of Sif Muna.
 10713 | D:9      | Became a worshipper of Sif Muna the Loreminder
 10904 | D:11     | Noticed a seven-headed hydra
 10910 | D:11     | Killed a seven-headed hydra
 10984 | D:11     | Noticed a manticore
 10989 | D:11     | Killed a manticore
 11585 | D:11     | Killed an unseen horror
 11777 | D:11     | Reached * piety under Sif Muna
 11921 | D:11     | Noticed a five-headed hydra
 11928 | D:11     | Killed a five-headed hydra
 11928 | D:11     | Reached XP level 12. HP: 91/91 MP: 23/23
 12473 | D:11     | Found a portal to a secret trove of treasure.
 12592 | D:12     | Noticed a two-headed ogre
 12946 | D:12     | Reached ** piety under Sif Muna
 13054 | D:12     | Noticed a two-headed ogre
 13058 | D:12     | Killed a two-headed ogre
 13354 | D:12     | Killed a two-headed ogre
 13455 | D:12     | Noticed Rupert
 13455 | D:12     | Noticed Jorgrun
 13474 | D:12     | Killed from afar by Jorgrun

Levels and vault maps discovered:
D:1:      dpeg_arrival_water_temple_mockup, layout_loops_ring,
          serial_park_tiny_1
D:2:      layout_basic
D:3:      layout_basic, old_standard_altar, gammafunk_temple_overflow_elements,
          first_ration
D:4:      layout_cave_pods, vehumet_altar_wand_db, minmay_temple_entry_grid
D:5:      layout_loops_corners, serial_shops, nicolae_shop_trees
D:6:      layout_basic, uniq_sigmund, uniq_duvessa
D:7:      layout_cave_pools, grunt_temple_overflow_holy_war
D:8:      layout_basic
D:9:      layout_irregular_city, grunt_temple_overflow_bloody_war,
          old_standard_altar, chequers_temple_overflow_minitemple,
          lemuel_blue_sif_altar, due_lair_maze_entry_diamond, erik_orc_3,
          minmay_protected_statue
D:10:     layout_loops_corners, serial_shops, nicolae_shop_overgrown_old_shop,
          gammafunk_ghost_hydra_chop, grunt_ogre_cave, minmay_misc_feat_doors
D:11:     layout_loops_ring, nicolae_trove_entry_columns, dk_vineyard_1
D:12:     layout_roguey, uniq_rupert, uniq_jorgrun

Skill      XL: |  1  2  3  4  5  6  7  8  9 10 11 12 |
---------------+-------------------------------------+-----
Invocations    | 1 2 3 4 5 6 7 8 |  8.3
Short Blades   | 1 2 3 4 5 6 7 |  7.6
Long Blades    | 1 2 3 4 5 6 7 |  7.6
Axes           | 1 2 3 4 5 6 7 |  7.6
Maces & Flails | 1 2 3 4 5 6 7 |  7.6
Polearms       | 1 2 3 4 5 6 7 |  7.6
Staves         | 1 2 3 4 5 6 7 |  7.6
Bows           | 1 2 3 4 5 6 7 |  7.6
Crossbows      | 1 2 3 4 5 6 7 |  7.6
Throwing       | 1 2 3 4 5 6 7 |  7.6
Armour         | 1 2 3 4 5 6 7 |  7.6
Stealth        | 1 2 3 4 5 6 7 |  7.6
Shields        | 1 2 3 4 5 6 7 |  7.6
Unarmed Combat | 1 2 3 4 5 6 7 |  7.6
Evocations     | 1 2 3 4 5 6 7 |  7.6
Spellcasting   | 3 4 5 6 7 8 |  8.1
Conjurations   | 1 2 3 4 5 6 |  6.3
Charms         | 1 2 3 4 5 6 |  6.3
Summonings     | 1 2 3 4 5 6 |  6.3
Necromancy     | 1 2 3 4 5 6 |  6.3
Translocations | 1 2 3 4 5 6 |  6.3
Transmutations | 1 2 3 4 5 6 |  6.3
Fire Magic     | 1 2 3 4 5 6 |  6.3
Ice Magic      | 1 2 3 4 5 6 |  6.3
Air Magic      | 1 2 3 4 5 6 |  6.3
Earth Magic    | 1 2 3 4 5 6 |  6.3
Poison Magic   | 1 2 3 4 5 6 |  6.3
Fighting       | 3 4 5 6 7 8 |  8.1
Slings         | 5 6 7 8 9 |  9.0
Dodging        | 5 6 7 8 9 |  9.0
Hexes          | 6 7 8 |  8.4

Action                   |  1- 3 |  4- 6 |  7- 9 | 10-12 || total
-------------------------+-------+-------+-------+-------++-------
Melee: Dagger            |       |       |    82 |       ||    82
       Bite              |       |       |    14 |     1 ||    15
       Hunting sling     |       |       |     2 |     5 ||     7
 Fire: Hunting sling     |    96 |   286 |   278 |   652 ||  1312
  Use: Potion            |       |     4 |     4 |     1 ||     9
       Scroll            |       |       |       |    14 ||    14
  Eat: Chunk             |     1 |     4 |    13 |    13 ||    31
       Ration            |       |     1 |       |     1 ||     2
Armor: Robe              |     1 |       |     7 |       ||     8
       Ring mail         |     6 |    50 |    17 |       ||    73
       Leather armour    |       |       |       |    72 ||    72
Dodge: Dodged            |    15 |    88 |    78 |   112 ||   293
Block: Shield            |     9 |    86 |    62 |   109 ||   266

Table legend:
 A = Non-vault XP
 B = Vault XP
 C = Vault XP percentage of total XP
 D = Non-vault monster count
 E = Vault monster count
 F = Vault count percentage of total count
                 A         B        C        D         E       F
            +---------+---------+-------+---------+---------+-------
      Total |   28116 |    2542 |   8.3 |     335 |      32 |   8.7
            +---------+---------+-------+---------+---------+-------
        D:1 |      39 |       0 |   0.0 |      25 |       0 |   0.0
        D:2 |     110 |       0 |   0.0 |      18 |       0 |   0.0
        D:3 |     297 |       0 |   0.0 |      34 |       0 |   0.0
        D:4 |     497 |       2 |   0.4 |      27 |       1 |   3.6
        D:5 |     371 |       0 |   0.0 |      18 |       0 |   0.0
        D:6 |    1252 |     388 |  23.7 |      32 |       3 |   8.6
        D:7 |    1133 |       0 |   0.0 |      23 |       0 |   0.0
        D:8 |     925 |       0 |   0.0 |      16 |       0 |   0.0
        D:9 |    1631 |    2036 |  55.5 |      27 |      27 |  50.0
       D:10 |    4761 |     116 |   2.4 |      38 |       1 |   2.6
       D:11 |    8773 |       0 |   0.0 |      42 |       0 |   0.0
       D:12 |    8327 |       0 |   0.0 |      35 |       0 |   0.0
            +---------+---------+-------+---------+---------+-------
